 Dungeon Crawl Stone Soup version 0.30.1 (webtiles) character file.

Game seed: 12475818119399481251

8190 AgateBread the Zephyrmancer (level 11, -10/72 HPs)
             Began as a Tengu Air Elementalist on July 4, 2023.
             Mangled by Snorg (13 damage)
             ... on level 10 of the Dungeon on July 5, 2023.
             The game lasted 00:42:56 (12709 turns).

AgateBread the Zephyrmancer (TeAE)                 Turns: 12709, Time: 00:42:57

Health: -10/72     AC:  6    Str:  9    XL:     11   Next: 27%
Magic:  11/26      EV: 15    Int: 20    God:
Gold:   301        SH:  0    Dex: 16    Spells: 17/30 levels left

rFire   . . .        h - +1 short sword (venom)
rCold   + . .        (no shield)
rNeg    . . .        p - +1 robe {Archmagi}
rPois   .            (helmet restricted)
rElec   .            (no cloak)
rCorr   .            g - +2 pair of gloves
SInv    +            (boots unavailable)
Will    +....        F - amulet of regeneration
Stlth   +++          k - ring "Kificeak" {*Slow rC+ Will+ Dex+2 Stlth+}
HPRegen 1.12/turn    x - ring of see invisible
MPRegen 0.20/turn

%: slow self (1%), archmagi
@: swift, flying quickly and evasively, slowed, quick
A: beak, talons 3, nimble flight
a: no special abilities


You were on level 10 of the Dungeon.
You visited 1 branch of the dungeon, and saw 8 of its levels.

You collected 429 gold pieces.
You spent 128 gold pieces at shops.

Inventory:

Hand Weapons
 h - a +1 short sword of venom (weapon)
 i - a +2 dagger of venom
 q - a +0 long sword
 E - a +2 scimitar
 H - a +6 morningstar
Missiles
 J - 3 curare-tipped darts
 L - 14 poisoned darts
Armour
 a - a +0 kite shield
 d - a +2 robe of cold resistance
 g - a +2 pair of gloves (worn)
 p - a +1 robe of the Archmagi (worn)
 w - a +0 ring mail
 A - a +0 scale mail
Magical Staves
 j - a staff of air
 D - a staff of fire
Jewellery
 k - the ring "Kificeak" (left hand) {*Slow rC+ Will+ Dex+2 Stlth+}
   (You found it on level 2 of the Dungeon)

   [ring of protection from cold]

   Dex:       It affects your dexterity (+2).
   rC:        It protects you from cold.
   *Slow:     It may slow you when you take damage.
   Will:      It increases your willpower.
   Stlth:     It makes you more stealthy.
 n - a ring of protection from cold
 x - a ring of see invisible (right hand)
 C - a ring of resist corrosion
 F - an amulet of regeneration (around neck)
Wands
 s - a wand of paralysis (45)
 G - a wand of iceblast (1)
Scrolls
 b - a scroll of fear {unknown}
 l - a scroll of teleportation
 m - a scroll of poison {unknown}
 o - a scroll of magic mapping
 t - a scroll of enchant armour {unknown}
 u - a scroll of vulnerability {unknown}
 y - a scroll of blinking {unknown}
 I - 2 scrolls of amnesia
 K - a scroll of enchant weapon
Potions
 c - a potion of degeneration {unknown}
 e - 4 potions of curing
 f - 2 potions of brilliance {unknown}
 r - a potion of mutation {unknown}
 v - 4 potions of attraction
 B - a potion of resistance {unknown}


   Skills:
 - Level 10.0 Fighting
 - Level 2.2 Dodging
 - Level 2.0 Stealth
 - Level 10.0 Spellcasting
 - Level 1.5 Conjurations
 + Level 6.4 Necromancy
 - Level 10.0 Air Magic


You had 17 spell levels left.
You knew the following spells:

 Your Spells              Type           Power      Damage    Failure   Level
a - Shock                 Conj/Air       100%       1d9       1%          1
b - Airstrike             Air            33%        2d(5-21)  1%          4
c - Swiftness             Air            66%        N/A       1%          3
d - Blink                 Tloc           30%        N/A       11%         2
e - Vampiric Draining     Necr           52%        2d9       1%          3

Your spell library contained the following spells:

 Spells                   Type           Power      Damage    Failure   Level
 Necrotise                Necr           100%       1d9       1%          1
 Poisonous Vapours        Pois/Air       90%        N/A       1%          2
 Static Discharge         Conj/Air       98%        2-7/arc   1%          2
 Sting                    Tmut/Pois      60%        1d6       7%          1
 Momentum Strike          Conj/Tloc      38%        3d9       8%          2
 Lesser Beckoning         Tloc           30%        N/A       11%         2
 Agony                    Necr           52%        N/A       14%         5
 Necromutation            Tmut/Necr      17%        N/A       100%        8


Dungeon Overview and Level Annotations

Branches:
Dungeon (10/15)              Lair (0/5) D:8             Orc (0/2) D:10
 Temple: D:4-7

Altars:
Hepliaklqana
Okawaru
Trog
Wu Jian
Xom

Shops:
D:8 *   D:9 :

Portals:
Trove: D:10 (give +5 demon blade)

Annotations:
D:10 Snorg


Innate Abilities, Weirdness & Mutations

You have a beak for a mouth.
You have claws for feet.
Your magical nature lets you fly swiftly and evasively.


Message History

Aim: Snorg (moderately wounded, berserk, 65% to hit)
You throw a poisoned dart. The poisoned dart barely misses Snorg.
Snorg barely misses you. Snorg misses you. Snorg barely misses you.
Unknown command.
Aiming: Vampiric Draining (safe; 1% risk of failure)
Press: ? - help, Q - select action, (/) - cycle Shift-Dir - straight line, f/p - Snorg
Aim: Snorg (moderately wounded, berserk)
You feel a surge of power!
You draw life force from Snorg!
You feel life coursing into your body. Snorg closely misses you.
Snorg claws you but does no damage. Snorg barely misses you. Snorg bites you!
Snorg completely misses you. Snorg misses you.
Aiming: Vampiric Draining (safe; 1% risk of failure)
Press: ? - help, Q - select action, (/) - cycle Shift-Dir - straight line, f/p - Snorg
Aim: Snorg (moderately wounded, berserk)
You feel a surge of power!
You draw life force from Snorg!
You feel life coursing into your body. Snorg closely misses you.
Snorg misses you. Snorg claws you!
Aiming: Vampiric Draining (safe; 1% risk of failure)
Press: ? - help, Q - select action, (/) - cycle Shift-Dir - straight line, f/p - Snorg
Aim: Snorg (moderately wounded, berserk)
You feel a surge of power!
You draw life force from Snorg!
You feel life coursing into your body! Snorg bites you!!
Snorg closely misses you. x2; Snorg bites you!
Snorg claws you!
* * * LOW HITPOINT WARNING * * *
You feel yourself slow down. Snorg barely misses you.
Okay, then.
Okay, then.
Okay, then.
There is an escape hatch in the ceiling here.
Snorg bites you but does no damage. Snorg claws you!
* * * LOW HITPOINT WARNING * * *
Snorg completely misses you. Snorg attacks as you move away! Snorg bites you!
* * * LOW HITPOINT WARNING * * *
Snorg claws you.
* * * LOW HITPOINT WARNING * * *
Snorg claws you!
You die...

.##............###...####.....,8,
..............## ###.##.#...8...,
..........##### ##.#..........,
..........#.#* ###.............,
.............####.......#.8....∩,
......#..##.....##..............,
......##.##.....................,
..##.#*#............>......:8...,
..##*#*.........@T<.......(....8,
..# **,,,..####.............#...,
..#**,,,,,** ###......######***,
...#*,,,,,** #......#**,***,,,
#.##**,,,,,* #..##....,,,**,**
*..#,,,,,,******##.........,,>,,,
*,..,,,,,,**,,,,,..#.###.....,,,,
,****,,,,,,,,,,,...###**.....****
,,,***,,,,,,*,,...,* *,..#..* *


You could see Snorg (berserk).

Vanquished Creatures
  Josephine (D:9)
  A two-headed ogre (D:8)
  An elephant (D:8)
  Psyche (D:8)
  A kobold demonologist (D:9)
  Prince Ribbit (D:5)
  13 yaks
  3 wraiths (D:10)
  Grum (D:10)
  3 steam dragons
  A water moccasin (D:8)
  2 orc warriors
  3 black bears (D:8)
  4 wolves (D:9)
  A centaur (D:9)
  A phantom (D:5)
  4 kobold brigands
  2 bullfrogs
  A gnoll sergeant (D:8)
  3 scorpions
  10 wights
  A howler monkey (D:9)
  8 crimson imps (D:9)
  A gnoll bouda (D:8)
  2 hounds
  2 orc priests
  7 orc wizards
  9 gnolls
  3 adders
  2 white imps
  4 worms
  21 orcs
  6 ball pythons
  9 endoplasms
  6 giant cockroaches
  4 goblins
  3 hobgoblins
  7 jackals
  6 quokkas
  3 bats
  A frilled lizard (D:3)
  22 kobolds
  4 rats
189 creatures vanquished.

Notes
Turn   | Place    | Note
-------+----------+-------------------------------------------
     0 | D:1      | AgateBread the Tengu Air Elementalist began the quest for
                  | the Orb.
     0 | D:1      | Reached XP level 1. HP: 10/10 MP: 4/4
   274 | D:1      | Reached XP level 2. HP: 15/15 MP: 4/6
   659 | D:1      | Reached skill level 5 in Air Magic
  1205 | D:2      | Reached XP level 3. HP: 19/19 MP: 4/7
  1276 | D:2      | Identified the ring "Kificeak" {*Slow rC+ Will+ Dex+2
                  | Stlth+}
  1862 | D:2      | Reached XP level 4. HP: 15/24 MP: 2/8
  2704 | D:3      | Found a shimmering altar of Xom.
  3256 | D:3      | Found an ornate altar of the Wu Jian Council.
  3922 | D:4      | Gained mutation: Your magical nature lets you fly swiftly
                  | and evasively. [Tengu growth]
  3922 | D:4      | Reached XP level 5. HP: 20/28 MP: 4/9
  4722 | D:4      | Reached XP level 6. HP: 26/32 MP: 8/11
  4750 | D:4      | Learned a level 4 spell: Airstrike
  4754 | D:4      | Learned a level 3 spell: Swiftness
  4757 | D:4      | Learned a level 2 spell: Blink
  4975 | D:4      | Found a bloodstained altar of Trog.
  5162 | D:5      | Entered Level 5 of the Dungeon
  5658 | D:5      | Reached XP level 7. HP: 21/36 MP: 5/14
  6070 | D:5      | Noticed Prince Ribbit
  6095 | D:5      | Killed Prince Ribbit
  6417 | D:5      | Reached skill level 5 in Spellcasting
  6578 | D:5      | You are sucked into a shaft and drop 3 floors!
  6586 | D:8      | Found a staircase to the Lair.
  6586 | D:8      | Noticed an elephant
  6586 | D:8      | Noticed a yak
  6599 | D:8      | Noticed a steam dragon
  6602 | D:8      | Killed a steam dragon
  6603 | D:8      | Reached XP level 8. HP: 41/41 MP: 7/17
  6614 | D:8      | Reached skill level 10 in Air Magic
  7059 | D:8      | Noticed a two-headed ogre
  7062 | D:8      | Killed a two-headed ogre
  7063 | D:8      | Reached XP level 9. HP: 49/49 MP: 7/22
  7191 | D:8      | Found Jidduab's General Store.
  7194 | D:8      | Bought 2 curare-tipped darts for 31 gold pieces
  7194 | D:8      | Bought a scroll of enchant weapon for 97 gold pieces
  7444 | D:8      | Noticed Psyche
  7450 | D:8      | Killed Psyche
  7688 | D:8      | Killed an elephant
  7689 | D:8      | Reached skill level 5 in Fighting
  7871 | D:8      | Learned a level 3 spell: Vampiric Draining
  7974 | D:9      | Found Yluif's Book Boutique.
  8209 | D:9      | Reached XP level 10. HP: 60/60 MP: 9/24
  8475 | D:9      | Got Sif Muna's Essays on Foul Shapes
  8726 | D:9      | Reached skill level 10 in Spellcasting
  9093 | D:9      | Found an iron altar of Okawaru.
  9137 | D:9      | Noticed a kobold demonologist
  9141 | D:9      | Killed a kobold demonologist
  9740 | D:9      | Found a hazy altar of Hepliaklqana.
 10852 | D:10     | Entered Level 10 of the Dungeon
 10852 | D:10     | Found a staircase to the Orcish Mines.
 10853 | D:10     | Noticed Snorg
 11011 | D:10     | Noticed Grum
 11035 | D:9      | Reached skill level 1 in Necromancy
 11554 | D:10     | Killed Grum
 11663 | D:10     | Reached XP level 11. HP: 70/72 MP: 3/26
 11787 | D:10     | Found a portal to a secret trove of treasure.
 12169 | D:10     | Reached skill level 10 in Fighting
 12171 | D:10     | Noticed Josephine
 12195 | D:9      | Reached skill level 5 in Necromancy
 12223 | D:9      | Killed Josephine
 12709 | D:10     | HP: 3/72 [Snorg (3)]
 12709 | D:10     | Mangled by Snorg

Illustrated notes

Levels and vault maps discovered:
D:1:      wheals_arrival_linesprint, layout_loops_ring
D:2:      layout_rooms, minmay_cupped
D:3:      layout_loops_ring, mainiacjoe_overflow_chevrons,
          nicolae_wu_jian_glorious_leap
D:4:      layout_cave_pods, lightli_temple_of_fire, minmay_misc_feat_hallway,
          st_stairs_9
D:5:      layout_basic, nicolae_overflow_hidden_temple, uniq_prince_ribbit1
D:8:      layout_basic, david_lair_generic, serial_shops,
          nicolae_shop_window_shopping, chequers_serial_rivers_micro_d,
          kennysheep_generic_room_15, uniq_psyche
D:9:      layout_grid_maze, worldfamousw_hep_ancestral_shrine,
          lemuel_crystal_altar, serial_shops,
          nicolae_shop_pleasant_corner_grove, minmay_nine_imps
D:10:     layout_cave_pools, nicolae_yredelemnul_corpse_copse, david_orc_2,
          nicolae_trove_entry_crystal, enter_bailey_6, uniq_grum, uniq_snorg,
          uniq_josephine

Skill      XL: |  1  2  3  4  5  6  7  8  9 10 11 |
---------------+----------------------------------+-----
Air Magic      | 5 6 7 8 9 10 | 10.0
Spellcasting   | 3 4 5 8 9 10 | 10.0
Fighting       | 2 5 9 10 | 10.0
Necromancy     | 3 6 |  6.4
Dodging        | |  2.2
Stealth        | |  2.0
Conjurations   | |  1.5

Action                     |  1- 3 |  4- 6 |  7- 9 | 10-12 || total
---------------------------+-------+-------+-------+-------++-------
  Melee: Dagger            |     4 |       |       |       ||     4
         Kick              |     3 |     6 |    18 |    32 ||    59
         Short sword       |     2 |    24 |    34 |    89 ||   149
         Peck              |       |     5 |     5 |    23 ||    33
         Punch             |       |     1 |     1 |     4 ||     6
  Throw: Throwing net      |       |       |     1 |     1 ||     2
         Dart              |       |       |     1 |     1 ||     2
   Cast: Shock             |    77 |    99 |    54 |       ||   230
         Swiftness         |       |     1 |     3 |     2 ||     6
         Airstrike         |       |       |    37 |    82 ||   119
         Vampiric Draining |       |       |       |     5 ||     5
         Blink             |       |       |       |     3 ||     3
  Evoke: Wand              |       |       |    12 |    14 ||    26
    Use: Potion            |       |       |     1 |     3 ||     4
         Scroll            |       |       |     5 |     5 ||    10
   Stab: Paralysed         |       |       |     9 |     4 ||    13
 Armour: Robe              |     2 |     4 |     4 |    42 ||    52
  Dodge: Dodged            |    12 |    22 |    22 |   135 ||   191
